 Dungeon Crawl Stone Soup version 0.30-a0-920-g7493c07aab (webtiles) character file.

Game seed: 3819003728436595555

164 cforsyth the Covered (level 5, -4/42 HPs)
             Began as a Human Fighter on Mar 22, 2023.
             Slain by Sigmund
             ... wielding a +0 scythe of flaming
              (9 damage)
             ... on level 3 of the Dungeon.
             The game lasted 00:03:21 (1527 turns).

cforsyth the Covered (Human Fighter)                Turns: 1527, Time: 00:03:22

Health: -4/42      AC:  9    Str: 18    XL:     5   Next: 73%
Magic:  5/5        EV:  6    Int:  8    God:
Gold:   92         SH:  0    Dex: 13    Spells: 4/4 levels left

rFire   . . .      SeeInvis .    a - +0 flail
rCold   . . .      Faith    .    c - +0 buckler
rNeg    . . .      Spirit   .    b - +0 scale mail
rPois   .          Reflect  .    (no helmet)
rElec   .          Rampage  .    (no cloak)
rCorr   .                        k - +0 pair of gloves
Will    .....                    h - +0 pair of boots Stlth
                                 f - amulet of regeneration
HPRegen 1.07/turn                (no ring)
MPRegen 0.09/turn                (no ring)

@: confused, grasped by roots, hasted, constricted, very quick
A: no striking features
a: no special abilities


You were on level 3 of the Dungeon.
You visited 1 branch of the dungeon, and saw 3 of its levels.

You collected 92 gold pieces.

Inventory:

Hand Weapons
 a - a +0 flail (weapon)
Armour
 b - a +0 scale mail (worn)
 c - a +0 buckler (worn)
 h - a +0 pair of boots (worn)
 k - a +0 pair of gloves (worn)
 l - a +0 chain mail
Jewellery
 f - an amulet of regeneration (around neck)
 j - an amulet of guardian spirit
Scrolls
 e - 3 scrolls of magic mapping {unknown}
 g - 4 scrolls of teleportation {unknown}
 i - 3 scrolls of fog {unknown}
 m - 2 scrolls of enchant weapon {unknown}
 n - 2 scrolls of identify {unknown}
 o - a scroll of fear {unknown}
Potions
 d - a potion of might


   Skills:
 + Level 3.9 Fighting
 + Level 3.2 Maces & Flails
 + Level 3.9 Armour
 + Level 3.9 Shields


You had 4 spell levels left.
You didn't know any spells.
Your spell library contained the following spells:

 Spells                   Type           Power      Damage    Failure   Level
 Beastly Appendage        Tmut           0%         N/A       86%         1
 Magic Dart               Conj           0%         1d3       86%         1
 Necrotise                Necr           0%         1d4       86%         1
 Searing Ray              Conj           0%         2d4       95%         2
 Wereblood                Tmut           0%         N/A       95%         2
 Spider Form              Tmut/Pois      0%         N/A       99%         3
 Vampiric Draining        Necr           0%         2d6       99%         3
 Fulminant Prism          Conj/Hex       0%         3d5       100%        4
 Petrify                  Tmut/Erth      0%         N/A       100%        4
 Agony                    Necr           0%         N/A       100%        5
 Metabolic Englaciation   Hex/Ice        0%         N/A       100%        5
 Statue Form              Tmut/Erth      0%         N/A       100%        6


Dungeon Overview and Level Annotations

Branches:
Dungeon (3/15)

Altars:
Dithmenos

Annotations:
D:3 Sigmund


Message History

Sigmund gestures wildly while chanting.
Sigmund flickers and vanishes!
Deactivating autopickup; reactivate with Ctrl-A.
You miss something. Something hits you. Something burns you.
You thump something!
You hear a zap.
The roots erupt in riotous growth!
The grasping roots grab you!
You are constricted.
You hear a bark! x2
You barely miss something. You block something's attack.
You are constricted.
You miss something. Something hits you. Something burns you.
You are constricted.
You closely miss something. Something hits you! Something burns you.
You are constricted.
The grasping roots release their grip on you.
You barely miss something. Something hits you but does no damage.
Okay, then.
You miss something. Something hits you but does no damage.
You barely miss something. You miss something.
You hear some strange, mumbled words.
You are confused.
Something hits you! Something burns you.
Unknown command.
You miss something.
You bump into the rock wall.
You hear a zap.
The roots erupt in riotous growth!
The grasping roots grab you!
You are constricted.
You hear a shout!
You hear a bark!
You're too confused to move!
Something hits you.
* * * LOW HITPOINT WARNING * * *
Something burns you.
* * * LOW HITPOINT WARNING * * *
You are constricted.
* * * LOW HITPOINT WARNING * * *
It was a potion of haste.
You feel yourself speed up. Something hits you!
You die...

#.#..# #..# #..# # ..#..####.
#..#### #..# # ..........
#.....#### #..# #
#@#############.......)#####..# #
#............###....##...))...###
#.######...#.#..........#####....
#.# ###...#.#..........# #####
...###.......#.{........#
.#..............@.......#
...###........###...##..# #
######.).#..# #...###.#
...........####.## #.#
..####..........# #.#
#####.###### #.# #.# #.# #.# #.#
#


There were no monsters in sight!

Vanquished Creatures
  Natasha (thrice) (D:2)
  Terence (D:3)
  An adder (D:2)
  4 dart slugs
  2 endoplasms (D:2)
  3 giant cockroaches
  3 goblins
  6 hobgoblins
  5 kobolds
  2 quokkas
  4 ball pythons
  7 bats
  4 frilled lizards
  4 rats
49 creatures vanquished.

Notes
Turn   | Place    | Note
-------+----------+-------------------------------------------
     0 | D:1      | cforsyth the Human Fighter began the quest for the Orb.
     0 | D:1      | Reached XP level 1. HP: 18/18 MP: 1/1
   165 | D:1      | Reached XP level 2. HP: 24/24 MP: 2/2
   705 | D:2      | Reached XP level 3. HP: 29/29 MP: 3/3
   775 | D:2      | Noticed Natasha
   788 | D:2      | Killed Natasha
   789 | D:2      | Reached XP level 4. HP: 35/35 MP: 4/4
   804 | D:2      | Found a shadowy altar of Dithmenos.
   902 | D:2      | Noticed Natasha
   910 | D:2      | Killed Natasha
   959 | D:2      | Reached XP level 5. HP: 41/41 MP: 5/5
  1041 | D:2      | Noticed Natasha
  1054 | D:2      | Killed Natasha
  1373 | D:3      | Noticed Terence
  1384 | D:3      | Killed Terence
  1465 | D:3      | Noticed Sigmund
  1527 | D:3      | Slain by Sigmund

Illustrated notes

Levels and vault maps discovered:
D:1:      lemuel_arrival_broad_hall, layout_basic
D:2:      layout_basic, basic_altar, uniq_natasha
D:3:      layout_loops_ring, uniq_terence, uniq_sigmund

Skill      XL: |  1  2  3  4  5 |
---------------+----------------+-----
Maces & Flails | 3 |  3.2
Fighting       | |  3.9
Armour         | |  3.9
Shields        | |  3.9

Action                     |  1- 3 |  4- 6 || total
---------------------------+-------+-------++-------
  Melee: Flail             |    81 |   102 ||   183
    Use: Potion            |       |     1 ||     1
 Armour: Scale mail        |    43 |    44 ||    87
  Dodge: Dodged            |    43 |    52 ||    95
  Block: Buckler           |    20 |    18 ||    38

Table legend: (Time is in decaauts)
 A = Elapsed time spent in this place.
 B = Non-inter-level travel time spent in this place.
 C = Inter-level travel time spent in this place.
 D = Time resting spent in this place.
 E = Time spent auto-exploring this place.
 F = Levels seen in this place.
 G = Mean time per level.
                   A        B        C        D        E       F      G
               +--------+--------+--------+--------+--------+-----+--------+
         Total |   1602 |   1563 |     39 |      0 |   1063 |   3 |  534.0 |
       Dungeon |   1602 |   1563 |     39 |      0 |   1063 |   3 |  534.0 |
               +--------+--------+--------+--------+--------+-----+--------+

Top non-repeatable levels by time:
     D:1: 717 daAuts
     D:2: 633 daAuts
     D:3: 251 daAuts
